 Dungeon Crawl Stone Soup version 0.31-a0-841-g038b102fc3 (webtiles) character file.

Game seed: 653916963089590516

252 javelincjr the Sneak (level 6, 0/36 HPs)
             Began as an Octopode Hedge Wizard on Sept 27, 2023.
             Splashed by a jelly's acid (8 damage)
             ... on level 4 of the Dungeon.
             The game lasted 00:08:24 (2432 turns).

javelincjr the Sneak (Octopode Hedge Wizard)        Turns: 2432, Time: 00:08:25

Health: 0/36       AC: -3    Str: 10    XL:     6   Next: 14%
Magic:  11/12      EV: 13    Int: 18    God:
Gold:   171        SH:  0    Dex: 11    Spells: 8/13 levels left

rFire   . . .        d - +0 arbalest
rCold   + + .        (shield currently unavailable)
rNeg    + . .        b - +0 hat
rPois   .            i - amulet of magic regeneration
rElec   .            q - ring of protection from cold
rCorr   .            u - ring of positive energy
SInv    .            v - ring of protection from cold
Will    .....        (no ring)
Stlth   +++          (no ring)
HPRegen 0.26/turn    (no ring)
MPRegen 0.53/turn    (no ring)
                     (no ring)

%: no passive effects
@: corroded, on blink cooldown
A: almost no armour, amphibious, 8 rings, camouflage 1, gelatinous body 1,
(nimble swimmer 1), tentacles
a: no special abilities


You were on level 4 of the Dungeon.
You visited 1 branch of the dungeon, and saw 4 of its levels.

You collected 171 gold pieces.

Inventory:

Hand Weapons
 a - a +0 dagger
 d - a +0 arbalest (weapon)
 r - a +2 dagger of electrocution
 s - a +3 scythe of pain
Missiles
 w - 6 curare-tipped darts
Armour
 b - a +0 hat (worn)
Jewellery
 i - an amulet of magic regeneration (around mantle)
 q - a ring of protection from cold (left tentacle)
 u - a ring of positive energy (right tentacle)
 v - a ring of protection from cold (on tentacle)
Scrolls
 h - 7 scrolls of identify {unknown}
 j - 5 scrolls of teleportation {unknown}
 k - 4 scrolls of blinking {unknown}
 n - a scroll of fear {unknown}
 p - a scroll of silence {unknown}
Potions
 c - a potion of magic
 e - a potion of enlightenment {unknown}
 f - a potion of brilliance {unknown}
 g - a potion of haste {unknown}
 l - a potion of invisibility {unknown}
 m - 3 potions of mutation {unknown}
 o - 2 potions of might {unknown}
 t - a potion of attraction {unknown}


   Skills:
 + Level 3.0 Dodging
 + Level 4.2 Stealth
 * Level 4.0 Spellcasting
 + Level 2.3 Conjurations
 + Level 2.3 Summonings
 + Level 2.2 Translocations


You had 8 spell levels left.
You knew the following spells:

 Your Spells              Type           Power      Damage    Failure   Level
a - Magic Dart            Conj           44%        1d5       6%          1
b - Call Imp              Summ           24%        N/A       9%          2
c - Blink                 Tloc           22%        N/A       9%          2

Your spell library contained the following spells:

 Spells                   Type           Power      Damage    Failure   Level
 Shock                    Conj/Air       28%        1d4       9%          1
 Lesser Beckoning         Tloc           22%        N/A       9%          2
 Momentum Strike          Conj/Tloc      22%        3d8       9%          2
 Slow                     Hex            12%        N/A       14%         1
 Cigotuvi's Dreadful Rot  Necr/Pois/Air  6%         N/A       22%         2
 Mephitic Cloud           Conj/Pois/Air  6%         N/A       32%         3
 Swiftness                Air            3%         N/A       41%         3
 Airstrike                Air            1%         2d(1-17)  82%         4


Dungeon Overview and Level Annotations

Branches:
Dungeon (4/15)
 Temple: D:4-7

Altars:


Innate Abilities, Weirdness & Mutations

You cannot wear most types of armour.
You are amphibious.
You can wear up to eight rings at the same time.
Your skin changes colour to match your surroundings (Stealth+).
Your rubbery body absorbs attacks. (AC +1, EV +1)
((You are camouflaged when in or above water. (Stealth+)))
You have tentacles for arms and can constrict up to eight enemies at once.


Message History

Your cerulean imp hits the orc but does no damage.
The orc hits your cerulean imp but does no damage.
The orc hits your cerulean imp with a +0 flail.
Your cerulean imp closely misses the orc.
The orc hits your cerulean imp with a +0 whip.
Your cerulean imp dies!
Your cerulean imp disappears in a puff of smoke!
You shoot a bolt. The bolt closely misses the orc.
Casting: Call Imp (safe; 9% risk of failure)
Confirm with . or Enter, or press ? or * to list all spells.
A tiny devil pulls itself out of the air.
You shoot a bolt. The bolt barely misses the orc.
The bolt hits the orc.
The orc is severely wounded.
The orc misses you.
Your cerulean imp hits the orc from afar with a -3 spear.
The orc misses you.
You shoot a bolt. The bolt hits the orc.
You kill the orc!
Your cerulean imp hits the orc from afar with a -3 spear.
The orc dies!
Your cerulean imp barely misses the orc.
You shoot a bolt. The bolt barely misses the orc.
The bolt hits the jelly but does no damage.
The orc hits you with a +0 hand axe.
Your cerulean imp hits the orc but does no damage.
The orc hits you with a +0 hand axe.
Your cerulean imp closely misses the orc.
You are too injured to fight recklessly!
The orc attacks as it pursues you! The orc hits you with a +0 hand axe.
* * * LOW HITPOINT WARNING * * *
The orc closely misses your cerulean imp.
Your cerulean imp hits the orc with a -3 spear.
Casting: Call Imp (safe; 9% risk of failure)
Confirm with . or Enter, or press ? or * to list all spells.
You blink.
The dart slug launches a dart at you. The slug dart misses you.
The slug dart hits the jelly.
The jelly hits you.
* * * LOW HITPOINT WARNING * * *
The acid corrodes you!
You are splashed with acid!
You die...

#...# #...#...#####
##.######...#.......#
....##>[........###.#######
###.##.....................
# #.##.........####.######.
# #.####....#### #.# ....#
#....# #.# #####
#....#######§# #
...###..w@Jo5# .
.......)####### .. ..###J.
..#. .⌠.#. #.. #. ≈~# ~. ≈≈
..


You could see a jelly, a dart slug, an orc (ally target) and a friendly cerulean
imp (summoned).

Vanquished Creatures
  Sigmund (D:3)
  2 adders
  2 dart slugs
  3 orcs (D:4)
  7 bats (D:2)
  8 endoplasms
  3 giant cockroaches
  2 goblins
  3 hobgoblins
  5 ball pythons
  A frilled lizard (D:1)
  6 kobolds
  3 rats (D:2)
46 creatures vanquished.

Vanquished Creatures (collateral kills)
  3 orcs (D:4)
  A giant cockroach (D:2)
  2 goblins
  A hobgoblin (D:3)
7 creatures vanquished.

Grand Total: 53 creatures vanquished

Notes
Turn   | Place    | Note
-------+----------+-------------------------------------------
     0 | D:1      | javelincjr the Octopode Hedge Wizard began the quest for
                  | the Orb.
     0 | D:1      | Reached XP level 1. HP: 11/11 MP: 4/4
   172 | D:1      | Reached XP level 2. HP: 17/17 MP: 6/6
   175 | D:1      | Learned a level 2 spell: Call Imp
   178 | D:1      | Learned a level 2 spell: Blink
   248 | D:1      | Found a faded altar of an unknown god.
   729 | D:2      | Reached XP level 3. HP: 19/21 MP: 4/7
  1606 | D:3      | Noticed Sigmund
  1666 | D:3      | Killed Sigmund
  1667 | D:3      | Reached XP level 4. HP: 27/27 MP: 6/9
  1667 | D:3      | Reached XP level 5. HP: 31/31 MP: 6/10
  1694 | D:3      | Reached XP level 6. HP: 36/36 MP: 11/11
  2432 | D:4      | Splashed by a jelly's acid

Illustrated notes

Levels and vault maps discovered:
D:1:      minmay_arrival_diagonal_passages, layout_rooms,
          nicolae_ecumenical_lake_church
D:2:      layout_loops_ring, roderic_serpentine_path, serial_bayou_pond_d
D:3:      layout_rooms, uniq_sigmund
D:4:      layout_loops_ring, kennysheep_doodads, fountainhead

Skill      XL: |  1  2  3  4  5  6 |
---------------+-------------------+-----
Stealth        | 3 4 |  4.2
Conjurations   | 2 |  2.3
Summonings     | 2 |  2.3
Translocations | 2 |  2.2
Spellcasting   | 4 |  4.0
Dodging        | 3 |  3.0

Action                     |  1- 3 |  4- 6 || total
---------------------------+-------+-------++-------
   Fire: Arbalest          |   104 |    31 ||   135
   Cast: Magic Dart        |     8 |     4 ||    12
         Call Imp          |    10 |     7 ||    17
         Blink             |       |     1 ||     1
 Armour: Skin              |    41 |    17 ||    58
  Dodge: Dodged            |    63 |    28 ||    91

Table legend: (Time is in decaauts)
 A = Elapsed time spent in this place.
 B = Non-inter-level travel time spent in this place.
 C = Inter-level travel time spent in this place.
 D = Time resting spent in this place.
 E = Time spent auto-exploring this place.
 F = Levels seen in this place.
 G = Mean time per level.
                   A        B        C        D        E       F      G
               +--------+--------+--------+--------+--------+-----+--------+
         Total |   2551 |   2455 |     96 |    215 |   1712 |   4 |  637.8 |
       Dungeon |   2551 |   2455 |     96 |    215 |   1712 |   4 |  637.8 |
               +--------+--------+--------+--------+--------+-----+--------+

Top non-repeatable levels by time:
     D:2: 1067 daAuts
     D:1: 588 daAuts
     D:3: 530 daAuts
     D:4: 366 daAuts
